 Dungeon Crawl Stone Soup version 0.31-a0-750-gfe7b580527 (webtiles) character file.

Game seed: 17722509733515951445

5072 Newt the Markskobold (level 10, -2/64 HPs)
             Began as a Kobold Hunter on Sept 14, 2023.
             Was a High Priest of Okawaru.
             Killed from afar by a steam dragon (22 damage)
             ... with a ball of steam
             ... on level 8 of the Dungeon.
             The game lasted 00:09:59 (11337 turns).

Newt the Markskobold (Kobold Hunter)               Turns: 11337, Time: 00:10:00

Health: -2/64      AC: 14    Str:  8    XL:     10   Next: 86%
Magic:  10/10      EV: 23    Int: 10    God:    Okawaru [*****.]
Gold:   1424       SH:  0    Dex: 24    Spells: 9/9 levels left

rFire   . . .        a - +1 shortbow (drain)
rCold   . . .        (shield currently unavailable)
rNeg    . . .        g - +5 ring mail of Zin's Esteem {Harm rPois}
rPois   +            (no helmet)
rElec   .            j - +2 cloak
rCorr   .            (no gloves)
SInv    .            (no boots)
Will    .....        r - amulet of faith
Stlth   +++          A - +5 ring of evasion
HPRegen 0.30/turn    (no ring)
MPRegen 0.12/turn

%: harm (+30% outgoing, +20% incoming), faith
@: no status effects
A: small, no large weapons, nightstalker 3
a: Renounce Religion, Heroism, Finesse, Duel


You were on level 8 of the Dungeon.
You worshipped Okawaru.
Okawaru was extremely pleased with you.
You visited 1 branch of the dungeon, and saw 8 of its levels.

You collected 1622 gold pieces.
You spent 198 gold pieces at shops.

Inventory:

Hand Weapons
 a - a +1 shortbow of draining (weapon)
Missiles
 s - a throwing net
Armour
 c - a +0 leather armour
 d - the +18 Lear's hauberk
   (You found it on level 6 of the Dungeon)
 g - the +5 ring mail of Zin's Esteem (worn) {Harm rPois}
   (You found it on level 2 of the Dungeon)

   rPois:     It protects you from poison Harm: It increases damage dealt and
   taken.
 j - a +2 cloak (worn)
Jewellery
 r - an amulet of faith (around neck)
 A - a +5 ring of evasion (left hand)
Talismans
 f - a beast talisman
Wands
 l - a wand of flame (16)
 B - a wand of polymorph (14)
Scrolls
 b - 2 scrolls of butterflies
 h - a scroll of poison
 m - 3 scrolls of immolation
 q - a scroll of fog
 u - a scroll of enchant armour {unknown}
 v - a scroll of silence {unknown}
 w - a scroll of vulnerability {unknown}
Potions
 e - a potion of enlightenment
 i - 2 potions of degeneration
 k - a potion of magic {unknown}
 n - a potion of mutation {unknown}
 o - a potion of haste {unknown}
 p - a potion of attraction {unknown}
 t - 2 potions of brilliance {unknown}
 x - 2 potions of might {unknown}
 z - a potion of cancellation {unknown}
 C - 2 potions of curing


   Skills:
 - Level 8.0 Fighting
 - Level 15.0 Ranged Weapons
 - Level 4.0 Armour
 + Level 7.9 Dodging
 - Level 1.3 Stealth


You had 9 spell levels left.
You didn't know any spells.
Your spell library contained the following spells:

 Spells                   Type           Power      Damage    Failure   Level
 Scorch                   Fire           0%         2d5       85%         2
 Flame Wave               Conj/Fire      0%         2d4       100%        4
 Summon Cactus Giant      Summ           Unusable   N/A       N/A         6

Dungeon Overview and Level Annotations

Branches:
Dungeon (8/15)             Temple (0/1) D:5
   Lair: D:8-11

Altars:
Dithmenos
Gozag
Makhleb
Okawaru
Ru
Trog
Zin
The Shining One

Shops:
D:3 !(*:

Annotations:
D:3 3 runed translucent doors, Aneyh's ghost, amateur TeMo
D:7 2 transporters
D:8 Maggie


Innate Abilities, Weirdness & Mutations

You are small and have problems with some larger weapons.
You are completely attuned to the shadows.


Message History

The orc misses you.
The orc wizard casts a spell.
The orc wizard flickers and vanishes!
Deactivating autopickup; reactivate with Ctrl-A.
You shoot an arrow. The arrow hits the orc!
You kill the orc!
Okawaru accepts your kill.
Unknown command.
You shoot an arrow. The arrow hits the steam dragon.
You drain the steam dragon.
The steam dragon is heavily wounded.
You hear some strange, mumbled words.
A puff of flame appears from out of thin air!
The puff of flame misses you. The steam dragon breathes steam at you.
The ball of steam hits you!
No target in view!
You shoot an arrow. The arrow hits the steam dragon.
You drain the steam dragon.
The steam dragon is almost dead.
Reactivating autopickup.
You feel a bit more experienced.
Unknown command.
The steam dragon breathes steam at you. The ball of steam hits you!
You are too injured to fight recklessly!
You are too injured to fight recklessly!
Unknown command.
You are engulfed in a cloud of scalding steam.
* * * LOW HITPOINT WARNING * * *
You shoot an arrow. The arrow hits the steam dragon.
The steam dragon is almost dead.
Fire: a) +1 shortbow (drain)
Press: ? - help, Shift-Dir - straight line, f - steam dragon
Aim: a steam dragon (steam, almost dead, heavily drained, 74% to hit)
You shoot an arrow.
The arrow closely misses the steam dragon.
The steam dragon breathes steam at you. The ball of steam hits you!!
You die...

####### ##.....# ####
###.......######..###
##......@§§D...).)....
##..........#..))......
##...(.......#..D....../
##.)..........##.......o. #
###).##........###.........
# ##..)####.......#
#....... ###..### ##.....##
#...... .#.)## ##....#
...## ###.##


There were no monsters in sight!

Vanquished Creatures
  Pikel (D:7)
  A slime creature (D:7)
  An acid dragon (D:8)
  Menkaure (D:7)
  4 water moccasins
  3 black bears
  An orc warrior (D:8)
  An ice beast (D:5)
  A sky beast (D:6)
  2 centaurs
  2 lemures (D:8)
  2 kobold brigands (D:7)
  Blork the orc (D:4)
  4 bullfrogs
  4 scorpions
  A wyvern zombie (D:8)
  21 wights
  4 killer bees (D:7)
  2 howler monkeys (D:8)
  A centaur zombie (D:8)
  Crazy Yiuf (D:6)
  4 jellies
  4 orc priests
  A hound (D:5)
  A sleepcap (D:7)
  Jessica (D:2)
  3 iguanas
  7 orc wizards
  2 killer bee zombies (D:8)
  4 howler monkey zombies (D:8)
  10 gnolls
  3 adders
  A white imp (D:6)
  An ufetubus (D:7)
  3 worms
  A dart slug (D:2)
  23 orcs
  6 ball pythons
  9 endoplasms
  A giant cockroach (D:4)
  4 hobgoblins
  A jackal (D:2)
  5 quokkas
  6 bats
  8 frilled lizards
  2 goblins
  22 kobolds
  8 rats
200 creatures vanquished.

Vanquished Creatures (others)
  An orc wizard (D:8)
  An orc (D:8)
2 creatures vanquished.

Grand Total: 202 creatures vanquished

Notes
Turn   | Place    | Note
-------+----------+-------------------------------------------
     0 | D:1      | Newt the Kobold Hunter began the quest for the Orb.
     0 | D:1      | Reached XP level 1. HP: 12/12 MP: 1/1
   273 | D:1      | Reached XP level 2. HP: 18/18 MP: 2/2
   770 | D:1      | Reached XP level 3. HP: 23/23 MP: 3/3
  1583 | D:2      | Reached XP level 4. HP: 29/30 MP: 4/4
  1699 | D:2      | Identified the +5 ring mail of Zin's Esteem {Harm rPois}
  1765 | D:2      | Noticed Jessica
  1766 | D:2      | Killed Jessica
  1767 | D:2      | Reached skill level 5 in Fighting
  2158 | D:2      | Reached XP level 5. HP: 35/35 MP: 5/5
  2420 | D:3      | Found an iron altar of Okawaru.
  2455 | D:3      | Became a worshipper of Warmaster Okawaru
  2479 | D:3      | Found Sazaoqogu's Weapon Boutique.
  2492 | D:3      | Found an opulent altar of Gozag.
  2492 | D:3      | Found a glowing silver altar of Zin.
  2564 | D:3      | Reached skill level 6 in Ranged Weapons
  2568 | D:3      | Found Zavas's General Store.
  2575 | D:3      | Bought a scroll of identify for 22 gold pieces
  2575 | D:3      | Bought a scroll of identify for 22 gold pieces
  2600 | D:3      | Found Sejip's Book Emporium.
  2665 | D:3      | Found a runed translucent gate.
  2666 | D:3      | Found a runed translucent gate.
  2666 | D:3      | Noticed Aneyh's ghost (amateur TeMo)
  2667 | D:3      | Found a runed translucent gate.
  2800 | D:3      | Found Xoylouk's Distillery.
  2806 | D:3      | Bought a potion of heal wounds for 50 gold pieces
  3129 | D:4      | Reached skill level 7 in Ranged Weapons
  3129 | D:4      | Reached XP level 6. HP: 40/40 MP: 6/6
  3525 | D:4      | Reached * piety under Okawaru
  3526 | D:4      | Reached skill level 8 in Ranged Weapons
  3592 | D:4      | Found a glowing golden altar of the Shining One.
  3624 | D:4      | Found a burning altar of Makhleb.
  3667 | D:4      | Reached XP level 7. HP: 44/44 MP: 7/7
  3710 | D:4      | Noticed Blork the orc
  3720 | D:4      | Killed Blork the orc
  3721 | D:4      | Reached skill level 9 in Ranged Weapons
  4244 | D:5      | Entered Level 5 of the Dungeon
  4673 | D:5      | Found a sacrificial altar of Ru.
  4714 | D:5      | Reached skill level 10 in Ranged Weapons
  4714 | D:5      | Reached skill level 1 in Armour
  5011 | D:5      | Noticed a water moccasin
  5029 | D:5      | Killed a water moccasin
  5029 | D:5      | Reached ** piety under Okawaru
  5030 | D:5      | Reached XP level 8. HP: 17/49 MP: 8/8
  5421 | D:5      | Found a staircase to the Ecumenical Temple.
  6438 | D:6      | Reached skill level 5 in Dodging
  6784 | D:6      | Reached XP level 9. HP: 29/55 MP: 9/9
  7519 | D:5      | Reached *** piety under Okawaru
  8228 | D:3      | Bought a scroll of brand weapon for 104 gold pieces
  8424 | D:6      | Found the +18 Lear's hauberk
  8463 | D:6      | Reached skill level 11 in Ranged Weapons
  8489 | D:6      | Found a runed translucent door.
  8492 | D:6      | Noticed Crazy Yiuf
  8496 | D:6      | Killed Crazy Yiuf
  8845 | D:6      | Reached **** piety under Okawaru
  9240 | D:7      | Found a transporter.
  9247 | D:7      | Found a shadowy altar of Dithmenos.
  9250 | D:7      | Noticed a cyclops
  9280 | D:7      | Reached skill level 12 in Ranged Weapons
  9357 | D:7      | Noticed a troll
  9371 | D:7      | Found a transporter.
  9579 | D:7      | Reached XP level 10. HP: 62/64 MP: 10/10
  9675 | D:7      | Reached skill level 13 in Ranged Weapons
 10155 | D:7      | Noticed Menkaure
 10161 | D:7      | Killed Menkaure
 10333 | D:7      | Found a bloodstained altar of Trog.
 10445 | D:7      | Reached skill level 14 in Ranged Weapons
 10863 | D:8      | Reached skill level 15 in Ranged Weapons
 10957 | D:8      | Noticed Maggie
 10961 | D:8      | Noticed Pikel
 10963 | D:8      | Reached ***** piety under Okawaru
 11079 | D:7      | Killed Pikel
 11283 | D:8      | Identified a scroll of acquirement
 11284 | D:8      | Acquired 1129 gold pieces
 11321 | D:8      | Received a gift from Okawaru
 11337 | D:8      | Killed from afar by a steam dragon

Illustrated notes

Levels and vault maps discovered:
D:1:      psy_arrival_heroes, layout_basic, supply_closet_lemuel
D:2:      minmay_angry_zag, layout_loops_corners, uniq_jessica
D:3:      layout_rooms, grunt_temple_overflow_gold_and_silver,
          mainiacjoe_overflow_alcove_1, serial_shops, nicolae_shop_crystal,
          nicolae_shop_tiny_waterfront, nicolae_lakefront_shop,
          nicolae_diamond_shop, ebering_ghost_rock_garden, nrook_mini_backslash,
          minmay_misc_feat_five
D:4:      layout_gridville, lightli_temple_of_fire, lemuel_crystal_altar,
          uniq_blork_the_orc
D:5:      layout_loops_ring, old_standard_altar,
          minmay_temple_entry_from_below_a
D:6:      layout_loops_cross, chequers_serial_rivers_micro_d, st_stairs_6,
          kennysheep_cross_room, uniq_crazy_yiuf_cottage
D:7:      layout_loops_corners, gammafunk_temple_overflow_arena,
          lemuel_coloured_pillars_altar, minmay_microvault, uniq_menkaure
D:8:      layout_cave_pods, old_standard_altar, serial_undead, serial_undead_d,
          serial_undead_e, serial_undead_f, serial_undead_a, serial_undead_e,
          serial_undead_b, serial_undead_f, serial_undead_b,
          minmay_misc_feat_nine_boxes, uniq_pikel, uniq_maggie

Skill      XL: |  1  2  3  4  5  6  7  8  9 10 |
---------------+-------------------------------+-----
Fighting       | 3 4 5 6 8 |  8.0
Ranged Weapons | 7 8 10 12 15 | 15.0
Armour         | 2 4 |  4.0
Dodging        | 5 7 |  7.9
Stealth        | |  1.3

Action                     |  1- 3 |  4- 6 |  7- 9 | 10-12 || total
---------------------------+-------+-------+-------+-------++-------
  Melee: Shortbow          |       |     5 |     1 |       ||     6
   Fire: Shortbow          |    87 |   118 |   328 |   260 ||   793
 Invoke: Heroism           |       |       |       |     1 ||     1
    Use: Scroll            |     3 |     5 |     2 |     4 ||    14
         Potion            |       |       |     3 |       ||     3
 Armour: Leather armour    |    13 |       |       |       ||    13
         Ring mail         |       |    47 |   179 |    77 ||   303
         Chain mail        |       |       |     1 |       ||     1
  Dodge: Dodged            |    27 |    43 |   195 |   147 ||   412
         Form:             |     1 |       |       |       ||     1
         Beast             |     1 |       |       |       ||     1

Table legend: (Time is in decaauts)
 A = Elapsed time spent in this place.
 B = Non-inter-level travel time spent in this place.
 C = Inter-level travel time spent in this place.
 D = Time resting spent in this place.
 E = Time spent auto-exploring this place.
 F = Levels seen in this place.
 G = Mean time per level.
                   A        B        C        D        E       F      G
               +--------+--------+--------+--------+--------+-----+--------+
         Total |  11372 |  10980 |    392 |   3332 |   6290 |   8 | 1421.5 |
       Dungeon |  11372 |  10980 |    392 |   3332 |   6290 |   8 | 1421.5 |
               +--------+--------+--------+--------+--------+-----+--------+

Top non-repeatable levels by time:
     D:5: 2727 daAuts
     D:6: 2164 daAuts
     D:7: 1542 daAuts
     D:2: 1299 daAuts
     D:4: 1265 daAuts
     D:1: 1123 daAuts
     D:3: 694 daAuts
     D:8: 555 daAuts
